 Dungeon Crawl Stone Soup version 0.32-a0-699-g1ee5eff69a (webtiles) character file.

Game seed: 12962347899392374017

99 BeKind the Chiller (level 4, -1/40 HPs)
             Began as an Octopode Ice Elementalist on Mar 13, 2024.
             Slain by a kobold
             ... wielding a +0 short sword
              (2 damage)
             ... on level 2 of the Dungeon.
             The game lasted 00:01:39 (1050 turns).

BeKind the Chiller (Octopode Ice Elementalist)      Turns: 1050, Time: 00:01:40

Health: -1/40      AC: 22    Str:  7    XL:     4   Next: 72%
Magic:  8/8        EV:  2    Int: 19    God:
Gold:   87         SH:  0    Dex: 12    Spells: 4/8 levels left

rFire   . . .        e - +2 dagger (drain)
rCold   . . .        (no shield)
rNeg    . . .        (helmet currently unavailable)
rPois   +            (no amulet)
rElec   .            (no ring)
rCorr   .            (no ring)
SInv    .            (no ring)
Will    .....        (no ring)
Stlth   ++           (no ring)
HPRegen 0.26/turn    (no ring)
MPRegen 0.11/turn    (no ring)
                     (no ring)

%: no passive effects
@: lethally poisoned (-1 -> -5), tree-form
A: stationary, stasis, torment immunity, boosted hp, almost no armour,
(amphibious), 8 rings, (camouflage 1), (gelatinous body 1), (nimble swimmer 1),
(tentacles)
a: no special abilities


You were on level 2 of the Dungeon.
You were a tree.
You visited 1 branch of the dungeon, and saw 2 of its levels.

You collected 87 gold pieces.

Inventory:

Hand Weapons
 e - a +2 dagger of draining (weapon)
Scrolls
 d - a scroll of blinking {unknown}
 f - 3 scrolls of identify {unknown}
 g - 2 scrolls of amnesia {unknown}
Potions
 a - a potion of magic
 b - a potion of enlightenment {unknown}


   Skills:
 + Level 1.3 Short Blades
 + Level 3.0 Dodging
 - Level 3.0 Stealth
 + Level 2.7 Spellcasting
 + Level 4.6 Ice Magic


You had 4 spell levels left.
You knew the following spells:

 Your Spells              Type           Power      Damage    Failure   Level
a - Freeze                Ice            80%        1d9       2%          1
b - Frozen Ramparts       Ice            40%        1d7       7%          3

Your spell library contained the following spells:

 Spells                   Type           Power      Damage    Failure   Level
 Ozocubu's Armour         Ice            20%        N/A       7%          3
 Summon Ice Beast         Ice/Summ       11%        N/A       19%         3
 Mercury Vapours          Alch/Air       4%         N/A       24%         2
 Mephitic Cloud           Conj/Alch/Air  2%         N/A       43%         3
 Freezing Cloud           Conj/Ice/Air   4%         6-21      93%         5


Dungeon Overview and Level Annotations

Branches:
Dungeon (2/15)

Altars:

Shops:
D:1 ([


Innate Abilities, Weirdness & Mutations

You are a tree.
Your roots penetrate the ground, keeping you stationary.
You cannot be teleported.
You are immune to unholy pain and torment.
Your maximum health is greatly increased.
You cannot wear most types of armour.
((You are amphibious.))
You can wear up to eight rings at the same time.
((Your skin changes colour to match your surroundings (Stealth+).))
((Your rubbery body absorbs attacks. (AC +1, EV +1)))
((You are camouflaged when in or above water. (Stealth+)))
((You have tentacles for arms and can constrict up to eight enemies at once.))


Message History

No target in view!
No target in view!
No target in view!
Found a stone staircase leading down.
There is a stone staircase leading down here.
A kobold and an adder come into view.
A ribbon worm comes into view.
The kobold shouts!
The adder hisses angrily.
The adder barely misses you. The adder bites you.
You are poisoned.
The adder poisons you!
You hit the adder. Your grab misses the adder.
The adder is moderately wounded.
You feel sick.
The kobold hits you with a +0 short sword.
The adder closely misses you.
You miss the adder. Your grab misses the adder. Your squeeze misses the adder.
The adder is moderately wounded.
You feel sick.
The ribbon worm expels a string of sticky webbing.
The stream of webbing hits you but does no damage.
You are caught in a web!
The adder bites you.
You are more poisoned.
The adder poisons you!
The kobold hits you with a +0 short sword.
The web tears apart.
You feel sick. The adder bites you.
The kobold hits you with a +0 short sword.
* * * LOW HITPOINT WARNING * * *
* * * LOW HITPOINT WARNING * * *
You feel sick. The kobold closely misses you. The adder bites you.
* * * LOW HITPOINT WARNING * * *
Casting: Freeze (safe; 2% risk of failure)
Confirm with . or Enter, or press ? or * to list all spells.
Okay, then.
It was a potion of lignification.
You turn into a tree.
Your roots penetrate the ground.
* * * LOW HITPOINT WARNING * * *
You feel sick. The adder bites you but does no damage.
The kobold hits you with a +0 short sword.
You die...

####### #.....#
#.....# #.K..?#
#####♣S...#
#####.......w.#
####....>###.....#
#####....#####
#........
......####
#......... .######
##.###.... .# #.#
.... ## ..# ... #
##


You could see a ribbon worm, an adder and a kobold.

Vanquished Creatures
  Terence (D:2)
  An adder (D:2)
  A ribbon worm (D:2)
  2 dart slugs
  5 orcs (D:2)
  4 endoplasms
  4 giant cockroaches
  3 goblins
  A hobgoblin (D:1)
  4 jackals (D:2)
  4 kobolds (D:1)
  A quokka (D:2)
  5 ball pythons
  6 bats
  4 frilled lizards (D:1)
  4 rats
50 creatures vanquished.

Notes
Turn   | Place    | Note
-------+----------+-------------------------------------------
     0 | D:1      | BeKind the Octopode Ice Elementalist began the quest for
                  | the Orb.
     0 | D:1      | Reached XP level 1. HP: 11/11 MP: 3/3
   157 | D:1      | Reached XP level 2. HP: 16/17 MP: 5/5
   362 | D:1      | Reached XP level 3. HP: 20/21 MP: 6/6
   371 | D:1      | Found Kedabau's Weapon Emporium.
   391 | D:1      | Found Kauff's Antique Armour Shoppe.
   540 | D:1      | Learned a level 3 spell: Frozen Ramparts
   722 | D:2      | Reached skill level 1 in Short Blades
   722 | D:2      | Reached XP level 4. HP: 21/27 MP: 3/7
   920 | D:2      | Noticed Terence
   926 | D:2      | Killed Terence
  1049 | D:2      | HP: 1/27 [adder (4)]
  1050 | D:2      | Slain by a kobold

Illustrated notes

Levels and vault maps discovered:
D:1:      psy_arrival_terrarium, layout_rooms, serial_shops, shop,
          nicolae_shop_window_shopping, minmay_cut_off
D:2:      layout_rooms, uniq_terence

Skill      XL: |  1  2  3  4 |
---------------+-------------+-----
Stealth        | 3 |  3.0
Short Blades   | 1 |  1.3
Dodging        | 3 |  3.0
Spellcasting   | |  2.7
Ice Magic      | |  4.6

Action                     |  1- 3 |  4- 6 || total
---------------------------+-------+-------++-------
  Melee: Unarmed           |    31 |       ||    31
         Constrict         |    14 |     6 ||    20
         Tentacles         |     9 |     2 ||    11
         Dagger            |    38 |    21 ||    59
   Cast: Freeze            |     6 |     1 ||     7
         Frozen Ramparts   |     1 |     1 ||     2
    Use: Potion            |       |     1 ||     1
   Stab: Sleeping          |    10 |     1 ||    11
 Armour: Skin              |    42 |    16 ||    58
  Dodge: Dodged            |    44 |    13 ||    57

Table legend: (Time is in decaauts)
 A = Elapsed time spent in this place.
 B = Non-inter-level travel time spent in this place.
 C = Inter-level travel time spent in this place.
 D = Time resting spent in this place.
 E = Time spent auto-exploring this place.
 F = Levels seen in this place.
 G = Mean time per level.
                   A        B        C        D        E       F      G
               +--------+--------+--------+--------+--------+-----+--------+
         Total |   1047 |   1034 |     13 |      0 |    767 |   2 |  523.5 |
       Dungeon |   1047 |   1034 |     13 |      0 |    767 |   2 |  523.5 |
               +--------+--------+--------+--------+--------+-----+--------+

Top non-repeatable levels by time:
     D:1: 647 daAuts
     D:2: 399 daAuts
